 Dungeon Crawl Stone Soup version 0.29.1-12-g30fa7ad0bf (webtiles) character file.

Game seed: 8645741856031876450

131 MisterFreud the Changer (level 4, 0/35 HPs)
             Began as a Draconian Transmuter on Dec 18, 2022.
             Slain by a gnoll bouda
             ... wielding a +0 club
              (4 damage)
             ... on level 3 of the Dungeon.
             The game lasted 00:03:04 (3045 turns).

MisterFreud the Changer (Draconian Transmuter)      Turns: 3045, Time: 00:03:05

Health: 0/35       AC:  5    Str: 12    XL:     4   Next: 91%
Magic:  5/7        EV: 12    Int: 21    God:
Gold:   111        SH:  0    Dex: 12    Spells: 1/7 levels left

rFire   + . .      SeeInvis .     - Unarmed
rCold   . . .      Faith    .   (no shield)
rNeg    . . .      Spirit   .   (body armour unavailable)
rPois   .          Reflect  .   (helmet restricted)
rElec   .          Harm     .   (no cloak)
rCorr   .          Rampage  .   (no gloves)
Will    .....                   (no boots)
Stlth   +.........              d - amulet of the acrobat
HPRegen 0.11/turn               g - ring of protection from fire
MPRegen 0.10/turn               r - +6 ring of intelligence

@: weakened
A: AC +5, unfitting armour, cold-blooded
a: no special abilities


You were on level 3 of the Dungeon.
You visited 1 branch of the dungeon, and saw 4 of its levels.

You collected 133 gold pieces.
You spent 22 gold pieces at shops.

Inventory:

Missiles
 c - 7 poisoned darts
 m - 6 javelins
Jewellery
 d - an amulet of the acrobat (around neck)
 g - a ring of protection from fire (left hand)
 r - a +6 ring of intelligence (right hand)
Wands
 s - a wand of flame (19)
Scrolls
 b - 2 scrolls of amnesia
 j - 3 scrolls of fear
 n - a scroll of blinking
 o - a scroll of teleportation {unknown}
 p - a scroll of noise {unknown}
 q - a scroll of butterflies {unknown}
Potions
 a - 2 potions of lignification
 e - a potion of ambrosia
 f - 2 potions of might
 h - a potion of brilliance {unknown}
 i - 2 potions of curing
 k - a potion of berserk rage
 l - a potion of resistance {unknown}
 t - a potion of flight {unknown}


   Skills:
 + Level 1.4 Fighting
 - Level 1.7 Dodging
 + Level 3.1 Unarmed Combat
 - Level 2.0 Spellcasting
 + Level 4.8 Transmutations
 + Level 0.7 Poison Magic


You had one spell level left.
You knew the following spells:

 Your Spells              Type           Power      Damage    Failure   Level
a - Beastly Appendage     Tmut           44%        N/A       1%          1
b - Wereblood             Tmut           22%        N/A       3%          2
c - Spider Form           Tmut/Pois      13%        N/A       14%         3

Your spell library contained the following spells:

 Spells                   Type           Power      Damage    Failure   Level
 Mephitic Cloud           Conj/Pois/Air  3%         N/A       38%         3
 Lesser Beckoning         Tloc           2%         N/A       41%         3
 Portal Projectile        Hex/Tloc       4%         N/A       41%         3
 Tukima's Dance           Hex            2%         N/A       41%         3
 Ice Form                 Ice/Tmut       12%        N/A       47%         4
 Blade Hands              Tmut           11%        N/A       50%         5
 Eringya's Noxious Bog    Tmut/Pois      6%         N/A       100%        6


Dungeon Overview and Level Annotations

Branches:
Dungeon (4/15)
 Temple: D:4-7

Altars:
Nemelex Xobeh

Shops:
D:2 *


Innate Abilities, Weirdness & Mutations

Your plain brown scales are hard. (AC +5)
You cannot fit into any form of body armour.
You are cold-blooded and may be slowed by cold attacks.


Message History

The gnoll bouda gazes fiercely through you!
You feel as though you will be weak longer.
The gnoll completely misses you. The gnoll barely misses you.
The ball python misses you. x2; The gnoll misses you.
You hit the endoplasm.
The endoplasm is severely wounded.
The endoplasm closely misses you. The gnoll bouda misses you.
The gnoll hits you from afar with a +0 spear.
The gnoll misses you. The ball python misses you.
The ball python closely misses you. The gnoll barely misses you.
Unknown command.
You hit the endoplasm.
You kill the endoplasm!
The gnoll closely misses you.
The gnoll bouda hits you with a +0 club.
The gnoll hits you from afar with a +0 spear.
The gnoll misses you. The ball python barely misses you. x2
The gnoll closely misses you. The gnoll completely misses you.
The gnoll attacks as you move away! The gnoll hits you with a +0 club!
The gnoll misses you. The ball python completely misses you.
The ball python grabs you. The ball python constricts you.
The gnoll barely misses you.
There is a stone staircase leading up here.
You escape the ball python's grasp.
The gnoll barely misses you.
The gnoll hits you from afar with a +0 spear.
The gnoll bouda hits you with a +0 club!
* * * LOW HITPOINT WARNING * * *
The gnoll hits you with a +0 spear.
* * * LOW HITPOINT WARNING * * *
The ball python closely misses you. The ball python completely misses you.
You climb upwards.
Your transformation has ended.
There is a stone staircase leading down here.
Unknown command.
Unknown command.
Unknown command.
Unknown command.
The gnoll bouda attacks as you move away!
The gnoll bouda hits you with a +0 club.
You die...

.........)....................###
.#####.#........#....##......##
.# #..#.......#....####.....###
.# ##.#..............###..#..#.
.######.##..............##..)....
.##...................)..........
##.............................#.
#................g...............
#........).....>@g.......##......
#..............g.S.....#.........
#..[...................#...#.<...
#....................)####.#.....
..............>..................
......................####..#####
..#.....##......(.....# ##......
..#######.............# ######.
..# ######.......## ##


You could see a gnoll bouda, 2 gnolls and a ball python.

Vanquished Creatures
  Terence (D:3)
  4 adders (D:2)
  6 worms
  A dart slug (D:1)
  2 orcs (D:3)
  6 endoplasms
  A giant cockroach (D:2)
  A hobgoblin (D:1)
  2 quokkas
  3 ball pythons
  4 bats
  3 frilled lizards
  7 goblins
  8 kobolds
  5 rats
54 creatures vanquished.

Notes
Turn   | Place    | Note
-------+----------+-------------------------------------------
     0 | D:1      | MisterFreud the Draconian Transmuter began the quest for
                  | the Orb.
     0 | D:1      | Reached XP level 1. HP: 16/16 MP: 3/3
   387 | D:1      | Reached XP level 2. HP: 23/23 MP: 3/5
   537 | D:1      | Reached skill level 3 in Transmutations
  1239 | D:2      | Found Noum's Assorted Antiques.
  1242 | D:2      | Bought an emerald potion for 22 gold pieces
  1331 | D:2      | Learned a level 2 spell: Wereblood
  1461 | D:2      | Reached XP level 3. HP: 13/28 MP: 4/6
  1622 | D:2      | Learned a level 3 spell: Spider Form
  1861 | D:2      | Found a faded altar of an unknown god.
  1932 | D:2      | Reached skill level 4 in Transmutations
  2131 | D:2      | Reached XP level 4. HP: 24/35 MP: 7/7
  2560 | D:3      | Got the Compilation of Poisonous Direction
  2712 | D:3      | Found a sparkling altar of Nemelex Xobeh.
  2907 | D:3      | Noticed Terence
  2914 | D:3      | Killed Terence
  3045 | D:3      | Slain by a gnoll bouda

Illustrated notes

Levels and vault maps discovered:
D:1:      ncdulo_watergridlock, layout_rooms, corexii_hall_statues_x
D:2:      wander_river, layout_basic, chequers_ecumenical_altar_lobes,
          serial_shops, nicolae_shop_behind_doors
D:3:      layout_rooms, nemelex_dance_club_becter, uniq_terence
D:4:      cheibrodos_thug_alley, layout_cave_pools, okawaru_trees_2,
          nicolae_qazlal_style_of_elements, gammafunk_temple_overflow_elements

Skill      XL: |  1  2  3 |
---------------+----------+-----
Transmutations | 3 4 |  4.8
Fighting       | |  1.4
Dodging        | |  1.7
Unarmed Combat | |  3.1
Spellcasting   | |  2.0
Poison Magic   | |  0.7

Action                   |  1- 3 |  4- 6 || total
-------------------------+-------+-------++-------
Melee: Unarmed           |   102 |    56 ||   158
       Tailslap          |    11 |     6 ||    17
       Kick              |    19 |     8 ||    27
       Headbutt          |     9 |     4 ||    13
       Punch             |     1 |     2 ||     3
 Cast: Beastly Appendage |    25 |    12 ||    37
       Spider Form       |       |     2 ||     2
  Use: Scroll            |     2 |     5 ||     7
Armor: Skin              |    24 |    12 ||    36
Dodge: Dodged            |    54 |    71 ||   125
